| TOP OF THE 1ST |
|
Midland RockHounds batting - Pitching for Northwest Arkansas Naturals : LHP Walter Whiteman
|
|
Pitching: LHP Walter Whiteman
|
|
|
Batting: RHB Niek de Haan
|
0-0: Called Strike 0-1: Called Strike 0-2: Ball 1-2: Ball 2-2: Ball 3-2: Ground out 6-3 (Groundball, 6M, EV 110.6 MPH)
|
|
Batting: RHB Larry Clark
|
0-0: Swinging Strike 0-1: Foul Ball, location: 2F 0-2: Ball 1-2: Ground out 5-3 (Groundball, 56S, EV 86.9 MPH)
|
|
Batting: RHB Todd Vanasco
|
0-0: Ball 1-0: Called Strike 1-1: Swinging Strike 1-2: Ball 2-2: Ball 3-2: Foul Ball, location: 2F 3-2: Ground out 6-3 (Groundball, 56, EV 100.0 MPH)
|
| Top of the 1st over - 0 runs, 0 hits, 0 errors, 0 left on base; Midland 0 - Northwest Arkansas 0 |
| BOTTOM OF THE 1ST |
|
Northwest Arkansas Naturals batting - Pitching for Midland RockHounds : LHP Kevin Barteaux
|
|
Pitching: LHP Kevin Barteaux
|
|
|
Batting: SHB Ryoji Hiraoka
|
0-0: Ball 1-0: Swinging Strike 1-1: Ground out 4-3 (Groundball, 6MD, EV 97.5 MPH)
|
|
Batting: RHB Kazuki Arai
|
0-0: Called Strike 0-1: Ball 1-1: Foul Ball, location: 2F 1-2: Ball 2-2: Fly out, F7 (Flyball, 78M, EV 76.9 MPH)
|
|
Batting: RHB Alex Cid
|
0-0: Called Strike 0-1: Called Strike 0-2: Fly out, F8 (Flyball, 78S, EV 88.1 MPH)
|
| Bottom of the 1st over - 0 runs, 0 hits, 0 errors, 0 left on base; Midland 0 - Northwest Arkansas 0 |
| TOP OF THE 2ND |
|
Midland RockHounds batting - Pitching for Northwest Arkansas Naturals : LHP Walter Whiteman
|
|
Batting: RHB David Sharp
|
0-0: Called Strike 0-1: Foul Ball, location: 2F 0-2: Ball 1-2: Ball 2-2: Fly out, F8 (Flyball, 8LM, EV 89.4 MPH)
|
|
Batting: RHB Travis Robinson
|
0-0: Ball 1-0: Foul Ball, location: 2F 1-1: Foul Ball, location: 2F 1-2: Ball 2-2: Foul Ball, location: 2F 2-2: Foul Ball, location: 2F 2-2: SINGLE (Flyball, 34D, EV 91.2 MPH)
|
|
Batting: RHB Matt Sherard
|
0-0: Called Strike Travis Robinson is caught stealing 2nd base 2-4 0-1: Ball 1-1: Swinging Strike 1-2: Foul Ball, location: 2F 1-2: Ball 2-2: Ball 3-2: Fly out, F5 (Line Drive, 56, EV 76.9 MPH)
|
| Top of the 2nd over - 0 runs, 1 hit, 0 errors, 0 left on base; Midland 0 - Northwest Arkansas 0 |
| BOTTOM OF THE 2ND |
|
Northwest Arkansas Naturals batting - Pitching for Midland RockHounds : LHP Kevin Barteaux
|
|
Batting: RHB Andy Urquhart
|
0-0: SINGLE (Groundball, 4M, EV 105.6 MPH) (infield hit)
|
|
Batting: RHB Edwin Ramos
|
0-0: Foul Ball, location: 2F 0-1: Fly out, F7 (Line Drive, 7, EV 90.6 MPH)
|
|
Batting: LHB Joe Cozart
|
0-0: Ball 1-0: Foul Ball, location: 2F 1-1: Called Strike Andy Urquhart is caught stealing 2nd base 2-6 1-2: Foul Ball, location: 2F 1-2: Fly out, F3 (Line Drive, 3, EV 72.5 MPH)
|
| Bottom of the 2nd over - 0 runs, 1 hit, 0 errors, 0 left on base; Midland 0 - Northwest Arkansas 0 |
| TOP OF THE 3RD |
|
Midland RockHounds batting - Pitching for Northwest Arkansas Naturals : LHP Walter Whiteman
|
|
Batting: RHB Tony Crespo
|
0-0: Ball 1-0: Fly out, F5 (Line Drive, 56, EV 65.0 MPH)
|
|
Batting: RHB Micah Roth
|
0-0: SINGLE (Line Drive, 34, EV 98.8 MPH)
|
|
Batting: RHB Moses Brokken
|
0-0: Ball 1-0: Fielders Choice at 2nd, 5-4 (Groundball, 5L, EV 85.6 MPH)
|
|
Batting: RHB Niek de Haan
|
0-0: Ball 1-0: Fly out, F9 (Flyball, 9LSF, EV 89.4 MPH)
|
| Top of the 3rd over - 0 runs, 1 hit, 0 errors, 1 left on base; Midland 0 - Northwest Arkansas 0 |
| BOTTOM OF THE 3RD |
|
Northwest Arkansas Naturals batting - Pitching for Midland RockHounds : LHP Kevin Barteaux
|
|
Batting: RHB Kevin Allen
|
0-0: Swinging Strike 0-1: Ball 1-1: Ground out 6-3 (Groundball, 6, EV 76.9 MPH)
|
|
Batting: LHB Randy Stapleton
|
0-0: Ball 1-0: Ball 2-0: Called Strike 2-1: SINGLE (Line Drive, 9S, EV 107.5 MPH)
|
|
Batting: SHB Danny Ballenger
|
0-0: Called Strike 0-1: SINGLE (Line Drive, 9S, EV 96.9 MPH) Randy Stapleton to second Runner from 2nd tries for 3rd, SAFE, throw by RF made to third
|
|
Batting: SHB Ryoji Hiraoka
|
0-0: Ball 1-0: Grounds into double play, 4-6-3 (Groundball, 4, EV 106.2 MPH)
|
| Bottom of the 3rd over - 0 runs, 2 hits, 0 errors, 1 left on base; Midland 0 - Northwest Arkansas 0 |
| TOP OF THE 4TH |
|
Midland RockHounds batting - Pitching for Northwest Arkansas Naturals : LHP Walter Whiteman
|
|
Batting: RHB Larry Clark
|
0-0: Ball 1-0: Swinging Strike 1-1: Foul Ball, location: 2F 1-2: Ground out 5-3 (Groundball, 56, EV 80.6 MPH)
|
|
Batting: RHB Todd Vanasco
|
0-0: Swinging Strike 0-1: Ball 1-1: Ball 2-1: SINGLE (Groundball, 56D, EV 101.2 MPH)
|
|
Batting: RHB David Sharp
|
0-0: Fly out, F8 (Flyball, 8RD, EV 108.1 MPH)
|
|
Batting: RHB Travis Robinson
|
0-0: Called Strike 0-1: Ball 1-1: Ground out 5-3 (Groundball, 56S, EV 93.1 MPH)
|
| Top of the 4th over - 0 runs, 1 hit, 0 errors, 1 left on base; Midland 0 - Northwest Arkansas 0 |
| BOTTOM OF THE 4TH |
|
Northwest Arkansas Naturals batting - Pitching for Midland RockHounds : LHP Kevin Barteaux
|
|
Batting: RHB Kazuki Arai
|
0-0: Swinging Strike 0-1: Ball 1-1: Ball 2-1: Called Strike 2-2: Foul Ball, location: 2F 2-2: Ball 3-2: Strikes out swinging
|
|
Batting: RHB Alex Cid
|
0-0: Called Strike 0-1: Swinging Strike 0-2: Ground out 6-3 (Groundball, 6S, EV 90.0 MPH)
|
|
Batting: RHB Andy Urquhart
|
0-0: Called Strike 0-1: Ball 1-1: Ball 2-1: Ball 3-1: Swinging Strike 3-2: SINGLE (Line Drive, 4D, EV 96.9 MPH)
|
|
Batting: RHB Edwin Ramos
|
0-0: Swinging Strike 0-1: Foul Ball, location: 2F 0-2: Foul Ball, location: 2F 0-2: Ball 1-2: Ball 2-2: Ball 3-2: Ground out 4-3 (Groundball, 4S, EV 79.4 MPH)
|
| Bottom of the 4th over - 0 runs, 1 hit, 0 errors, 1 left on base; Midland 0 - Northwest Arkansas 0 |
| TOP OF THE 5TH |
|
Midland RockHounds batting - Pitching for Northwest Arkansas Naturals : LHP Walter Whiteman
|
|
Batting: RHB Matt Sherard
|
0-0: Called Strike 0-1: Ground out 4-3 (Groundball, 4, EV 88.8 MPH)
|
|
Batting: RHB Tony Crespo
|
0-0: SINGLE (Groundball, 56S, EV 75.0 MPH) (infield hit)
|
|
Batting: RHB Micah Roth
|
0-0: Ball 1-0: Ball 2-0: Called Strike 2-1: SINGLE (Groundball, 56D, EV 107.5 MPH) Tony Crespo to second
|
|
Batting: RHB Moses Brokken
|
0-0: Called Strike 0-1: Fly out, F7 (Flyball, 7, EV 77.5 MPH)
|
|
Batting: RHB Niek de Haan
|
0-0: Foul Ball, location: 2F 0-1: Called Strike 0-2: Ball 1-2: Foul Ball, location: 2F 1-2: Ground out U3 (Groundball, 34S, EV 78.8 MPH)
|
| Top of the 5th over - 0 runs, 2 hits, 0 errors, 2 left on base; Midland 0 - Northwest Arkansas 0 |
| BOTTOM OF THE 5TH |
|
Northwest Arkansas Naturals batting - Pitching for Midland RockHounds : LHP Kevin Barteaux
|
|
Batting: LHB Joe Cozart
|
0-0: Ball 1-0: Foul Ball, location: 2F 1-1: SINGLE (Groundball, 6MD, EV 105.0 MPH)
|
|
Batting: RHB Kevin Allen
|
0-0: Foul Ball, location: 2F 0-1: Ball 1-1: Ball 2-1: Called Strike 2-2: Strikes out swinging
|
|
Batting: LHB Randy Stapleton
|
0-0: Ball 1-0: Swinging Strike 1-1: Called Strike 1-2: Ball 2-2: Fielders Choice at 2nd, 6-4 (Groundball, 6, EV 102.5 MPH)
|
|
Batting: SHB Danny Ballenger
|
0-0: SINGLE (Groundball, 6MD, EV 94.4 MPH) Randy Stapleton to second Runner from 2nd tries for 3rd, SAFE, throw by CF made at trailing runner, OUT! 8-4
|
| Bottom of the 5th over - 0 runs, 2 hits, 0 errors, 1 left on base; Midland 0 - Northwest Arkansas 0 |
| TOP OF THE 6TH |
|
Midland RockHounds batting - Pitching for Northwest Arkansas Naturals : LHP Walter Whiteman
|
|
Batting: RHB Larry Clark
|
0-0: Fly out, F8 (Flyball, 8LD, EV 94.4 MPH)
|
|
Batting: RHB Todd Vanasco
|
0-0: Ball 1-0: Called Strike 1-1: Ball 2-1: Swinging Strike 2-2: Strikes out swinging
|
|
Batting: RHB David Sharp
|
0-0: Foul Ball, location: 2F 0-1: Foul Ball, location: 2F 0-2: Strikes out swinging
|
| Top of the 6th over - 0 runs, 0 hits, 0 errors, 0 left on base; Midland 0 - Northwest Arkansas 0 |
| BOTTOM OF THE 6TH |
|
Northwest Arkansas Naturals batting - Pitching for Midland RockHounds : LHP Kevin Barteaux
|
|
Batting: SHB Ryoji Hiraoka
|
0-0: Ball 1-0: Ball 2-0: Ball 3-0: Called Strike 3-1: Base on Balls
|
|
Batting: RHB Kazuki Arai
|
0-0: Ball 1-0: Ball 2-0: Ball 3-0: Base on Balls Ryoji Hiraoka to second
|
|
Batting: RHB Alex Cid
|
0-0: Ball 1-0: Ball 2-0: Called Strike 2-1: Swinging Strike 2-2: Fielders Choice at 2nd, 4-6 (Groundball, 4, EV 81.9 MPH) Ryoji Hiraoka to third
|
|
Batting: RHB Andy Urquhart
|
0-0: Ball 1-0: Ball 2-0: Fly out, F8 (Flyball, 89D, EV 81.2 MPH) Runner from 3rd tags up, OUT at HOME! 8-2
|
| Bottom of the 6th over - 0 runs, 0 hits, 0 errors, 1 left on base; Midland 0 - Northwest Arkansas 0 |
| TOP OF THE 7TH |
|
Midland RockHounds batting - Pitching for Northwest Arkansas Naturals : LHP Walter Whiteman
|
|
Pitching: RHP Brian Straub
|
|
|
Batting: RHB Travis Robinson
|
0-0: Ball 1-0: Ball 2-0: Foul Ball, location: 2F 2-1: Foul Ball, location: 2F 2-2: Ball 3-2: Strikes out swinging
|
|
Batting: RHB Matt Sherard
|
0-0: Ball 1-0: Foul Ball, location: 2F 1-1: Ball 2-1: Swinging Strike 2-2: Foul Ball, location: 2F 2-2: Foul Ball, location: 2F 2-2: Ball 3-2: Strikes out swinging
|
|
Batting: RHB Tony Crespo
|
0-0: Ball 1-0: Ball 2-0: Fly out, F9 (Flyball, 89S, EV 76.2 MPH)
|
| Top of the 7th over - 0 runs, 0 hits, 0 errors, 0 left on base; Midland 0 - Northwest Arkansas 0 |
| BOTTOM OF THE 7TH |
|
Northwest Arkansas Naturals batting - Pitching for Midland RockHounds : LHP Kevin Barteaux
|
|
Batting: RHB Edwin Ramos
|
0-0: Called Strike 0-1: Foul Ball, location: 2F 0-2: Strikes out swinging
|
|
Batting: LHB Joe Cozart
|
0-0: Ball 1-0: Swinging Strike 1-1: Called Strike 1-2: Ground out 4-3 (Groundball, 4, EV 80.0 MPH)
|
|
Batting: RHB Kevin Allen
|
0-0: Foul Ball, location: 2F 0-1: Foul Ball, location: 2F 0-2: Strikes out swinging
|
| Bottom of the 7th over - 0 runs, 0 hits, 0 errors, 0 left on base; Midland 0 - Northwest Arkansas 0 |
| TOP OF THE 8TH |
|
Midland RockHounds batting - Pitching for Northwest Arkansas Naturals : RHP Brian Straub
|
|
Pitching: RHP Justin Potts
|
|
|
Batting: RHB Micah Roth
|
0-0: Foul Ball, location: 2F 0-1: Called Strike 0-2: Strikes out swinging
|
|
Pinch Hitting: LHB Nick Pacheco
|
0-0: Ball 1-0: Ball 2-0: Ball 3-0: Base on Balls
|
|
Batting: RHB Niek de Haan
|
0-0: Ball 1-0: Foul Ball, location: 2F 1-1: Foul Ball, location: 2F 1-2: Ball 2-2: Foul Ball, location: 2F 2-2: Ball 3-2: Foul Ball, location: 2F 3-2: Fielders Choice at 2nd, 5-4 (Groundball, 56S, EV 76.9 MPH)
|
|
Pinch Hitting: LHB Tom Raupp
|
0-0: Called Strike 0-1: Ball 1-1: Ball 2-1: Ball Niek de Haan is caught stealing 2nd base 2-6
|
| Top of the 8th over - 0 runs, 0 hits, 0 errors, 0 left on base; Midland 0 - Northwest Arkansas 0 |
| BOTTOM OF THE 8TH |
|
Northwest Arkansas Naturals batting - Pitching for Midland RockHounds : LHP Kevin Barteaux
|
|
Now at SS: Jose Mojica
|
|
|
Now in RF: Walt Alaniz
|
|
|
Batting: LHB Randy Stapleton
|
0-0: Called Strike 0-1: Foul Ball, location: 2F 0-2: Foul Ball, location: 2F 0-2: Foul Ball, location: 2F 0-2: Strikes out swinging
|
|
Batting: SHB Danny Ballenger
|
0-0: Ball 1-0: Called Strike 1-1: Swinging Strike 1-2: Ball 2-2: Strikes out swinging
|
|
Batting: SHB Ryoji Hiraoka
|
0-0: Foul Ball, location: 2F 0-1: Swinging Strike 0-2: Ball 1-2: Ball 2-2: DOUBLE (Line Drive, 8RXD, EV 105.6 MPH)
|
|
Pitching: RHP Caleb Hansberger
|
|
|
Batting: RHB Kazuki Arai
|
0-0: Ball 1-0: Ball 2-0: Foul Ball, location: 2F 2-1: Ball 3-1: Base on Balls
|
|
Batting: RHB Alex Cid
|
0-0: Called Strike 0-1: Ball 1-1: Ground out 5-3 (Groundball, 56S, EV 72.5 MPH)
|
| Bottom of the 8th over - 0 runs, 1 hit, 0 errors, 2 left on base; Midland 0 - Northwest Arkansas 0 |
| TOP OF THE 9TH |
|
Midland RockHounds batting - Pitching for Northwest Arkansas Naturals : RHP Justin Potts
|
|
Pitching: RHP Justin Nipper
|
|
|
Batting: RHB Walt Alaniz
|
0-0: Called Strike 0-1: Swinging Strike 0-2: Ball 1-2: Strikes out swinging
|
|
Batting: RHB Todd Vanasco
|
0-0: Foul Ball, location: 2F 0-1: Ball 1-1: Fly out, F9 (Flyball, 89M, EV 85.0 MPH)
|
|
Batting: RHB David Sharp
|
0-0: SINGLE (Groundball, 34D, EV 111.2 MPH)
|
|
Batting: RHB Travis Robinson
|
0-0: Swinging Strike 0-1: Ball 1-1: Ball 2-1: Ball 3-1: Base on Balls David Sharp to second
|
|
Batting: RHB Matt Sherard
|
0-0: Ball 1-0: Called Strike 1-1: Foul Ball, location: 2F 1-2: Ball 2-2: Fielders Choice at 2nd, 6-4 (Groundball, 6, EV 89.4 MPH)
|
| Top of the 9th over - 0 runs, 1 hit, 0 errors, 2 left on base; Midland 0 - Northwest Arkansas 0 |
| BOTTOM OF THE 9TH |
|
Northwest Arkansas Naturals batting - Pitching for Midland RockHounds : RHP Caleb Hansberger
|
|
Batting: RHB Andy Urquhart
|
0-0: Called Strike 0-1: Ball 1-1: Called Strike 1-2: Ball 2-2: Ground out 6-3 (Groundball, 6, EV 111.9 MPH)
|
|
Batting: RHB Edwin Ramos
|
0-0: Foul Ball, location: 2F 0-1: Foul Ball, location: 2F 0-2: Strikes out looking
|
|
Batting: LHB Joe Cozart
|
0-0: Swinging Strike 0-1: Fly out, F8 (Flyball, 8RM, EV 80.0 MPH)
|
| Bottom of the 9th over - 0 runs, 0 hits, 0 errors, 0 left on base; Midland 0 - Northwest Arkansas 0 |
| TOP OF THE 10TH |
|
Midland RockHounds batting - Pitching for Northwest Arkansas Naturals : RHP Justin Nipper
|
|
Batting: RHB Tony Crespo
|
0-0: Ball 1-0: Foul Ball, location: 2F 1-1: Foul Ball, location: 2F 1-2: Ball 2-2: Strikes out looking
|
|
Batting: RHB Micah Roth
|
0-0: Foul Ball, location: 2F 0-1: Ball 1-1: Ball 2-1: Foul Ball, location: 2F 2-2: Ground out 4-3 (Groundball, 4, EV 103.8 MPH)
|
|
Batting: LHB Jose Mojica
|
0-0: Foul Ball, location: 2F 0-1: Ground out 4-3 (Groundball, 4, EV 81.9 MPH)
|
| Top of the 10th over - 0 runs, 0 hits, 0 errors, 0 left on base; Midland 0 - Northwest Arkansas 0 |
| BOTTOM OF THE 10TH |
|
Northwest Arkansas Naturals batting - Pitching for Midland RockHounds : RHP Caleb Hansberger
|
|
Pitching: RHP John Shutt
|
|
|
Pinch Hitting: LHB Josh Moore
|
0-0: Ball 1-0: Ball 2-0: Foul Ball, location: 2F 2-1: Called Strike 2-2: Ball 3-2: Ground out 5-3 (Groundball, 56S, EV 85.6 MPH)
|
|
Batting: LHB Randy Stapleton
|
0-0: Swinging Strike 0-1: Ball 1-1: Foul Ball, location: 2F 1-2: SINGLE (Groundball, 6D, EV 110.0 MPH)
|
|
Batting: SHB Danny Ballenger
|
0-0: Ball 1-0: Called Strike 1-1: Ball 2-1: Grounds into double play, 6-4-3 (Groundball, 6, EV 78.8 MPH)
|
| Bottom of the 10th over - 0 runs, 1 hit, 0 errors, 0 left on base; Midland 0 - Northwest Arkansas 0 |
| TOP OF THE 11TH |
|
Midland RockHounds batting - Pitching for Northwest Arkansas Naturals : RHP Justin Nipper
|
|
Now in RF: Josh Moore
|
|
|
Batting: RHB Niek de Haan
|
0-0: Called Strike 0-1: Called Strike 0-2: Ball 1-2: SINGLE (Line Drive, 7LS, EV 105.6 MPH)
|
|
Pitching: RHP Philip Terrell
|
|
|
Batting: RHB Walt Alaniz
|
0-0: Called Strike Pickoff Play to 1st, Runner tries for 2nd, OUT after rundown. 0-1: Ball 1-1: Ball 2-1: Ball 3-1: Foul Ball, location: 2F 3-2: Ground out 4-3 (Groundball, 34D, EV 89.4 MPH)
|
|
Batting: RHB Todd Vanasco
|
0-0: Called Strike 0-1: Foul Ball, location: 2F 0-2: Foul Ball, location: 2F 0-2: Ball 1-2: Strikes out swinging
|
| Top of the 11th over - 0 runs, 1 hit, 0 errors, 0 left on base; Midland 0 - Northwest Arkansas 0 |
| BOTTOM OF THE 11TH |
|
Northwest Arkansas Naturals batting - Pitching for Midland RockHounds : RHP John Shutt
|
|
Batting: SHB Ryoji Hiraoka
|
0-0: Ball 1-0: Ball 2-0: Foul Ball, location: 2F 2-1: Called Strike 2-2: TRIPLE (Groundball, 3L, EV 100.6 MPH)
|
|
Batting: RHB Kazuki Arai
|
0-0: Called Strike 0-1: Ball 1-1: Ball 2-1: Ball 3-1: Swinging Strike 3-2: Fly out, F8 (Flyball, 8RD, EV 102.5 MPH) Runner from 3rd tags up, SCORES, throw by CF
|
| Bottom of the 11th over - 1 run, 1 hit, 0 errors, 0 left on base; Midland 0 - Northwest Arkansas 1 |
|